 Dungeon Crawl Stone Soup version 0.28.0-43-g3370ac3207 (webtiles) character file.

Game seed: 4870618268132057905

50 Raya the Sneak (level 3, -1/15 HPs)
             Began as a Felid Fire Elementalist on Mar 30, 2022.
             Killed from afar by Natasha (8 damage)
             ... with a magic dart
             ... on level 2 of the Dungeon.
             The game lasted 00:11:59 (1646 turns).

Raya the Sneak (Felid Fire Elementalist)            Turns: 1646, Time: 00:11:59

Health: -1/15      AC:  1    Str:  6    XL:     3   Next: 55%
Magic:  1/8        EV: 17    Int: 16    God:
Gold:   71         SH:  0    Dex: 16    Spells: 1/7 levels left
                                        Lives:  0   Deaths: 1

rFire   . . .      SeeInvis +     - Unarmed
rCold   . . .      Faith    .   (shield unavailable)
rNeg    . . .      Spirit   .   (armour unavailable)
rPois   .          Reflect  .   (helmet unavailable)
rElec   .          Harm     .   (cloak unavailable)
rCorr   .          Rampage  .   (gloves unavailable)
Will    .....                   (boots unavailable)
Stlth   ++........              a - amulet of regeneration
HPRegen 0.85/turn               (no ring)
MPRegen 0.11/turn               (no ring)

@: quick
A: very small, claws 1, fangs 3, see invisible, speed 1, shaggy fur 1, stealthy
paws, no weapons or thrown items, no armour, multi-lived
a: no special abilities


You were on level 2 of the Dungeon.
You visited 1 branch of the dungeon, and saw 2 of its levels.

You collected 71 gold pieces.

Inventory:

Jewellery
 a - an amulet of regeneration (around neck)
Potions
 b - 2 potions of curing
 d - a potion of attraction {unknown}
 e - a potion of cancellation {unknown}


   Skills:
 * Level 1.0 Fighting
 * Level 3.0 Dodging
 * Level 3.4 Stealth
 * Level 1.0 Unarmed Combat
 * Level 2.6 Spellcasting
 * Level 1.3 Conjurations
 * Level 3.4 Fire Magic


You had one spell level left.
You knew the following spells:

 Your Spells              Type           Power      Damage    Failure   Level
a - Foxfire               Conj/Fire      36%        2x1d5     8%          1
b - Scorch                Fire           26%        2d6       7%          2
c - Inner Flame           Hex/Fire       7%         N/A       28%         3

Your spell library contained the following spells:

 Spells                   Type           Power      Damage    Failure   Level
 Conjure Flame            Conj/Fire      9%         6-21      22%         3
 Flame Wave               Conj/Fire      9%         2d5       58%         4


Dungeon Overview and Level Annotations

Branches:
Dungeon (2/15)

Altars:

Annotations:
D:2 Natasha


Innate Abilities, Weirdness & Mutations

You have sharp claws.
You have razor-sharp teeth.
You have supernaturally acute eyesight. (SInv)
You cover ground quickly. (Speed+)
You are covered in fur. (AC +1)
Your paws help you pounce on unaware monsters.
You are incapable of wielding weapons or throwing items.
You cannot wear armour.
You gain extra lives every three experience levels.


Message History

Casting: Scorch (safe; 8% risk of failure)
Confirm with . or Enter, or press ? or * to list all spells.
You conjure some foxfire!
Natasha hisses angrily.
What are your orders? t - Meow!
Orders for allies: a - Attack new target. r - Retreat! s - Stop attacking. g - Guard the area. f - Follow me.
Anything else - Cancel.
Gang up on whom?
Press: ? - help, Dir - move target, f - goblin
Aim: a goblin, wielding a +0 club (moderately wounded, ally target) Attack!
The foxfire hits the goblin.
The goblin is almost dead.
The foxfire hits the goblin.
You kill the goblin!
Casting: Foxfire (safe; 8% risk of failure)
Confirm with . or Enter, or press ? or * to list all spells.
You conjure some foxfire!
The frilled lizard closely misses you. What are your orders? t - Meow!
Orders for allies: a - Attack new target. r - Retreat! s - Stop attacking. g - Guard the area. f - Follow me.
Anything else - Cancel.
Gang up on whom?
Press: ? - help, Dir - move target, f - frilled lizard
Aim: a frilled lizard (ally target) Attack!
The foxfire hits the frilled lizard.
You kill the frilled lizard!
The foxfire hits Natasha.
Natasha is moderately wounded.
Natasha stares at you and mumbles some strange words.
The magic dart hits you!
Ouch! That really hurt!
Natasha casts a spell at you. The magic dart hits you!
Ouch! That really hurt!
You die...

# #. ##. #. .. #. # #. #
#. ###. .## #.##... #.#
## #....#######.## ##.
######....#........###..
....?..@.####.....).....
........§§.........)....
.......S§gh...#.........
................#.......
...............##.......
........................
................########
..................
.................


You could see Natasha, a goblin and a ball python.

Vanquished Creatures
  Natasha (D:2)
  Robin (D:2)
  An adder (D:2)
  A worm (D:2)
  2 dart slugs (D:1)
  6 endoplasms (D:1)
  2 giant cockroaches (D:1)
  7 goblins
  3 hobgoblins (D:1)
  2 jackals (D:2)
  2 kobolds
  A quokka (D:1)
  2 ball pythons (D:1)
  4 bats (D:1)
  7 frilled lizards
42 creatures vanquished.

Vanquished Creatures (others)
  37 foxfires
37 creatures vanquished.

Grand Total: 79 creatures vanquished

Notes
Turn   | Place    | Note
-------+----------+-------------------------------------------
     0 | D:1      | Raya the Felid Fire Elementalist began the quest for the
                  | Orb.
     0 | D:1      | Reached XP level 1. HP: 7/7 MP: 4/4
   248 | D:1      | Reached skill level 1 in Conjurations
   248 | D:1      | Reached XP level 2. HP: 8/11 MP: 4/6
   251 | D:1      | Learned a level 2 spell: Scorch
   791 | D:1      | Reached XP level 3. HP: 15/15 MP: 0/7
   907 | D:1      | Learned a level 3 spell: Inner Flame
  1531 | D:2      | Noticed Natasha
  1536 | D:2      | Killed Natasha
  1537 | D:2      | Reached skill level 1 in Fighting
  1537 | D:2      | Reached skill level 1 in Unarmed Combat
  1537 | D:2      | Reached XP level 4. HP: 18/19 MP: 0/9
  1585 | D:2      | Noticed Robin
  1600 | D:2      | Slain by a goblin
  1601 | D:2      | Reached XP level 3. HP: 0/15 MP: 1/8
  1606 | D:2      | Killed Robin
  1640 | D:2      | Noticed Natasha
  1646 | D:2      | Killed from afar by Natasha

Illustrated notes

Levels and vault maps discovered:
D:1:      grunt_arrival_crossed_arrows, layout_loops_ring
D:2:      layout_rooms, dreamdust_ecumenical_altar_hidden_monk_grotto,
          uniq_natasha, uniq_robin

Skill      XL: |  1  2  3 |
---------------+----------+-----
Conjurations   | 1 |  1.3
Fire Magic     | 3 |  3.4
Fighting       | 1 |  1.0
Dodging        | 3 |  3.0
Stealth        | 3 |  3.4
Unarmed Combat | 1 |  1.0
Spellcasting   | |  2.6

Action                   |  1- 3 |  4- 6 || total
-------------------------+-------+-------++-------
Melee: Unarmed           |    17 |     1 ||    18
       Bite              |     1 |       ||     1
 Cast: Foxfire           |    23 |     1 ||    24
       Scorch            |    28 |     1 ||    29
       Inner Flame       |     2 |     1 ||     3
  Use: Scroll            |     3 |       ||     3
       Potion            |       |     1 ||     1
 Stab: Sleeping          |     6 |       ||     6
Armor: Skin              |     5 |       ||     5
Dodge: Dodged            |    50 |    17 ||    67
